 Dungeon Crawl Stone Soup version 0.30-b1-2-g02819fbbbe (webtiles) character file.

Game seed: 7562501896217812536

289 ardi the Insei (level 6, -1/47 HPs)
             Began as a Draconian Transmuter on Jan 5, 2024.
             Was an Initiate of Dithmenos.
             Slain by a +1 broad axe of speed (7 damage)
             ... created by the rancor of the Wu Jian Council
             ... on level 4 of the Dungeon.
             The game lasted 00:32:09 (3344 turns).

ardi the Insei (Draconian Transmuter)               Turns: 3344, Time: 00:32:11

Health: -1/47      AC:  6    Str: 12    XL:     6   Next: 9%
Magic:  10/10      EV: 12    Int: 15    God:    Dithmenos [......]
Gold:   62         SH:  0    Dex: 12    Spells: 7/11 levels left

rFire   + .          .
                       - Unarmed
rCold   x . .        (no shield)
rNeg    . . .        (body armour unavailable)
rPois   .            (helmet restricted)
rElec   .            (no cloak)
rCorr   .            (no gloves)
SInv    .            (no boots)
Will    .....        (no amulet)
Stlth   +            j - ring of fire
HPRegen 0.27/turn    (no ring)
MPRegen 0.12/turn

%: no passive effects
@: confused
A: AC +6, unfitting armour, cold-blooded
a: Renounce Religion


You were on level 4 of the Dungeon.
You worshipped Dithmenos.
Dithmenos was noncommittal.
You visited 2 branches of the dungeon, and saw 7 of its levels.

You collected 126 gold pieces.
You spent 64 gold pieces at shops.

Inventory:

Jewellery
 j - a ring of fire (left hand)
Wands
 d - a wand of flame (18) (quivered)
Scrolls
 b - 2 scrolls of identify
 c - a scroll of poison {unknown}
 e - a scroll of enchant weapon
 f - 2 scrolls of vulnerability
 m - a scroll of torment
 p - a scroll of summoning {unknown}
Potions
 a - a potion of lignification
 g - a potion of berserk rage
 h - 2 potions of mutation
 i - a potion of degeneration
 k - a potion of attraction {unknown}
 l - a potion of brilliance {unknown}
 o - 2 potions of haste


   Skills:
 + Level 1.3 Fighting
 + Level 2.6 Dodging
 + Level 1.3 Stealth
 + Level 4.8 Unarmed Combat
 + Level 3.1 Spellcasting
 + Level 3.2 Transmutations
 + Level 0.5 Poison Magic


You had 7 spell levels left.
You knew the following spells:

 Your Spells              Type           Power      Damage    Failure   Level
a - Beastly Appendage     Tmut           24%        N/A       5%          1
b - Spider Form           Tmut/Pois      8%         N/A       26%         3

Your spell library contained the following spells:

 Spells                   Type           Power      Damage    Failure   Level
 Wereblood                Tmut           12%        N/A       8%          2
 Ice Form                 Ice/Tmut       7%         N/A       71%         4


Dungeon Overview and Level Annotations

Branches:
Dungeon (6/15)             Temple (1/1) D:6

Altars:
Dithmenos
Elyvilon
Fedhas
Gozag
Makhleb
Nemelex Xobeh
Okawaru
Qazlal
Ru
Sif Muna
Uskayaw
Vehumet
Wu Jian
Xom
Zin
The Shining One

Shops:
D:3 *


Innate Abilities, Weirdness & Mutations

Your plain brown scales are hard. (AC +6)
You cannot fit into any form of body armour.
You are cold-blooded and may be slowed by cold attacks.


Message History

Dithmenos accepts your kill.
You feel very sick.
You have reached level 6!
Your scales feel tougher.
You start resting.
* * * LOW HITPOINT WARNING * * *
You feel very sick.
You start resting.
* * * LOW HITPOINT WARNING * * *
You feel very sick.
Okay, then.
As you read the scroll of identify, it crumbles to dust.
o - 2 potions of haste You feel sick.
As you read the scroll of identify, it crumbles to dust.
n - a potion of heal wounds You feel sick.
Okay, then.
You feel much better.
You feel sick.
You start resting.
You feel sick.
Your transformation is almost over.
You feel sick. x2
Magic restored.
You feel sick.
You start resting.
You feel sick.
You are no longer poisoned.
You start resting.
Sifu Gene Jian Bin whispers: Nowhere to run...
The divine experience confuses you!
You are confused.
A +1 broad axe of speed, a +2 heavy broad axe and a +4 glaive of electrocution come into view.
You closely miss the +1 broad axe of speed.
You headbutt the +1 broad axe of speed.
The +1 broad axe of speed is moderately damaged.
Your horns disappear.
Your talons disappear.
You hit the +2 heavy broad axe.
The +2 heavy broad axe is heavily damaged.
You feel yourself speed up. The +1 broad axe of speed misses you.
The +2 heavy broad axe hits you!
* * * LOW HITPOINT WARNING * * *
The +1 broad axe of speed hits you!
You die...

#.........#
#.........#
#.........#
+.........#
#.........#
#.........#
#.........#
..#####((.......#
.......@...######
.......†...#
.........(.# ..#
...........# .
.... ...........#
# #..#
...........#####
####..#
########........
#.....# #........
#.....#
#........#


You could see 3 dancing weapons.

Vanquished Creatures
  2 scorpions
  A hound (D:4)
  An iguana (D:5)
  Robin (D:4)
  A gnoll (D:1)
  3 adders
  A worm (D:4)
  2 dart slugs
  An orc (D:6)
  7 endoplasms
  A giant cockroach (D:1)
  8 goblins
  10 hobgoblins
  2 quokkas (D:1)
  5 ball pythons
  4 bats
  A frilled lizard (D:2)
  4 kobolds
  3 rats
58 creatures vanquished.

Notes
Turn   | Place    | Note
-------+----------+-------------------------------------------
     0 | D:1      | ardi the Draconian Transmuter began the quest for the Orb.
     0 | D:1      | Reached XP level 1. HP: 16/16 MP: 3/3
   330 | D:1      | Reached XP level 2. HP: 23/23 MP: 3/5
   684 | D:1      | Reached XP level 3. HP: 28/28 MP: 6/6
  1182 | D:2      | Found a hide-covered altar of Uskayaw.
  1211 | D:3      | Found an ornate altar of the Wu Jian Council.
  1263 | D:3      | Found a sparkling altar of Nemelex Xobeh.
  1290 | D:3      | Became a worshipper of the Wu Jian Council
  1427 | D:3      | Found a shimmering altar of Xom.
  1454 | D:3      | Found Eci Fae's Assorted Antiques.
  1459 | D:3      | Bought a scroll labelled GACODGH YMUP for 34 gold pieces
  1459 | D:3      | Bought a fuming pink potion for 30 gold pieces
  1463 | D:3      | Learned a level 3 spell: Spider Form
  1730 | D:3      | Reached XP level 4. HP: 23/35 MP: 7/7
  2110 | D:4      | Found an iron altar of Okawaru.
  2377 | D:4      | You fall into a shaft and drop 2 floors!
  2390 | D:6      | Noticed a black bear
  2431 | D:6      | Noticed a water moccasin
  2490 | D:6      | Found a staircase to the Ecumenical Temple.
  2512 | Temple   | Entered the Ecumenical Temple
  2556 | Temple   | Fell from the grace of Wu Jian
  2556 | Temple   | Became a worshipper of Dithmenos the Shadowed
  2737 | D:5      | Entered Level 5 of the Dungeon
  2765 | D:5      | Reached skill level 4 in Unarmed Combat
  2838 | D:5      | Noticed an ogre
  2847 | D:5      | Noticed a scorpion
  2875 | D:5      | Killed a scorpion
  2876 | D:5      | Reached skill level 1 in Stealth
  2876 | D:5      | Reached XP level 5. HP: 14/40 MP: 6/9
  2983 | D:4      | Found a glowing silver altar of Zin.
  3094 | D:4      | Identified the +0 helmet "Niukul" {Int+3}
  3094 | D:4      | Noticed Robin
  3113 | D:4      | Killed Robin
  3131 | D:4      | Found a glowing golden altar of the Shining One.
  3329 | D:4      | Reached XP level 6. HP: 17/47 MP: 8/10
  3342 | D:4      | Noticed a +1 broad axe of speed
  3342 | D:4      | Noticed a +2 heavy broad axe
  3342 | D:4      | Noticed a +4 glaive of electrocution
  3344 | D:4      | Slain by a +1 broad axe of speed

Illustrated notes

Levels and vault maps discovered:
D:1:      kennysheep_arrival_forest, layout_loops_ring
D:2:      layout_basic, basic_altar
D:3:      layout_loops_ring, nicolae_overflow_crystal_walls, minitemple,
          serial_shops, nicolae_shop_dealshenge
D:4:      layout_gridville, nicolae_tso_swordbearing_angel,
          mainiacjoe_overflow_paths, mainiacjoe_overflow_catwalk, uniq_robin
D:5:      layout_cave_pools, lemuel_zombie_altar_yredelemnul
D:6:      layout_loops_cross, minmay_temple_entry_trees
Temple:   hellmonk_temple_rainy

Skill      XL: |  1  2  3  4  5 |
---------------+----------------+-----
Dodging        | 2 |  2.6
Unarmed Combat | 4 |  4.8
Stealth        | 1 |  1.3
Transmutations | 3 |  3.2
Spellcasting   | 3 |  3.1
Fighting       | |  1.3
Poison Magic   | |  0.5

Action                     |  1- 3 |  4- 6 || total
---------------------------+-------+-------++-------
  Melee: Unarmed           |    93 |    75 ||   168
         Tailslap          |    12 |    11 ||    23
         Headbutt          |     7 |     7 ||    14
         Kick              |    10 |    14 ||    24
         Punch             |     1 |     2 ||     3
   Cast: Beastly Appendage |    24 |     9 ||    33
         Spider Form       |     1 |     1 ||     2
Ability: Lunge             |     2 |     1 ||     3
    Use: Scroll            |     5 |     8 ||    13
         Potion            |       |     2 ||     2
   Stab: Sleeping          |     1 |       ||     1
         Invisible         |       |     2 ||     2
 Armour: Skin              |    26 |    12 ||    38
  Dodge: Dodged            |    64 |    41 ||   105
